 Dungeon Crawl Stone Soup version 0.16.2-12-gd0ad4c3 (webtiles) character file.

1595 HAWKINGL3623 the Chopper (level 8, -2/75 HPs)
             Began as a Naga Chaos Knight on Jan 10, 2016.
             Slain by HAWKINGL3623's ghost (10 damage)
             ... on level 6 of the Dungeon.
             The game lasted 00:30:54 (5508 turns).

HAWKINGL3623 the Chopper (Naga Chaos Knight)        Turns: 5508, Time: 00:30:54

Health: -2/75      AC: 15    Str: 15    XL:     8   Next: 93%
Magic:  8/8        EV: 10    Int: 18    God:    Xom [.*....]
Gold:   274        SH:  0    Dex: 11    Spells: 0 memorised, 7 levels left

rFire  + . .     SeeInvis +     a - +2 hand axe (chaos)
rCold  x . .     Clarity  .     j - +4 ring mail
rNeg   . . .     SustAb   .     (no shield)
rPois  +         Gourm    .     l - +2 helmet
rElec  .         Spirit   .     (no cloak)
rCorr  .         Warding  .     d - +1 pair of gloves
rMut   +         Stasis   .     (no barding)
MR     +....                    n - amulet of Scheuq {rMut rF+ rC- Int+4 SInv Stlth+}
Stlth  ++++......               (no ring)
                                q - ring of see invisible

@: very slightly contaminated, very slow, somewhat resistant to hostile
enchantments, stealthy
A: spit poison, see invisible, deformed body, poison resistance, slowness 2, AC
+2
a: Spit Poison, Renounce Religion


You were on level 6 of the Dungeon.
You worshipped Xom.
You were a plaything of Xom.
You were not hungry.

You visited 1 branch of the dungeon, and saw 6 of its levels.

You collected 274 gold pieces.

Inventory:

Hand weapons
 a - a +2 hand axe of chaos (weapon)
 r - a +0 hunting sling
Armour
 d - a +1 pair of gloves (worn)
 j - a +4 ring mail (worn)
 l - a +2 helmet (worn)
Jewellery
 n - the amulet of Scheuq (around neck) {rMut rF+ rC- Int+4 SInv Stlth+}
   (Xom gifted it to you on level 5 of the Dungeon)

   [amulet of resist mutation]

   It protects you from mutation.
   It affects your intelligence (+4).
   It protects you from fire.
   It makes you vulnerable to cold.
   It enhances your eyesight.
   It makes you more stealthy.
 q - a ring of see invisible (left hand)
Magical devices
 i - a wand of digging (14)
 k - a wand of enslavement (18)
 p - a wand of random effects (32)
 t - a wand of random effects (23)
Scrolls
 b - 5 scrolls of identify
 e - 2 scrolls of amnesia
 m - 4 scrolls of remove curse
Potions
 h - a potion of brilliance
 s - a potion of berserk rage
Comestibles
 c - 3 bread rations
 g - 2 meat rations


   Skills:
 + Level 5.5 Fighting
 + Level 5.6 Axes
 + Level 0.1 Throwing
 + Level 4.3 Armour
 + Level 4.9 Dodging
 + Level 5.5 Stealth
 + Level 0.2 Evocations


You had 7 spell levels left.
You didn't know any spells.

Dungeon Overview and Level Annotations

Branches:
Dungeon (6/15)
 Temple: D:4-7

Altars:
Elyvilon
Fedhas
Gozag
Makhleb
Ru
Zin
The Shining One

Shops:
D:5 }

Annotations:
D:6 HAWKINGL3623's ghost, experienced TrBe


Innate Abilities, Weirdness & Mutations

You cannot wear boots.
You can spit poison.
Your serpentine skin is tough (AC +2).
You have supernaturally acute eyesight.
Armour fits poorly on your strangely shaped body.
Your system is resistant to poisons.
You cover ground very slowly.


Message History

HAWKINGL3623's ghost barely misses you.
You hit HAWKINGL3623's ghost.
HAWKINGL3623's ghost is lightly damaged.
HAWKINGL3623's ghost barely misses you.
You slash HAWKINGL3623's ghost! You freeze HAWKINGL3623's ghost.
HAWKINGL3623's ghost is moderately damaged.
HAWKINGL3623's ghost hits you.
You closely miss HAWKINGL3623's ghost.
HAWKINGL3623's ghost is moderately damaged.
HAWKINGL3623's ghost hits you!!
* * * LOW HITPOINT WARNING * * *
You barely miss HAWKINGL3623's ghost.
HAWKINGL3623's ghost is moderately damaged.
HAWKINGL3623's ghost hits you!
* * * LOW HITPOINT WARNING * * *
You barely miss HAWKINGL3623's ghost.
HAWKINGL3623's ghost is moderately damaged.
HAWKINGL3623's ghost hits you!
You die...
Xom cackles wildly!

########## ##........##
#......#...##########
###ยง.###.......W@.....#
.....# ###...########.#
.....# ##.## #.# ###..#
#.# #.# #.....# #.# #.#
......... ..# #.#
#.....#####.# #.#
#.....# ### #.# #.....#
#######.#


You could see HAWKINGL3623's ghost.

Vanquished Creatures
  An orc warrior (D:5)
  A water moccasin (D:6)
  2 ice beasts (D:5)
  2 ogres (D:6)
  A centaur (D:5)
  Duvessa (D:4)
  A giant frog (D:6)
  The ghost of HAWKINGL3623 the Charlatan, an average SpAr of Ru (D:3)
  A crimson imp (D:5)
  Dowan (D:4)
  A jelly (D:6)
  A quasit (D:5)
  2 iguanas (D:4)
  A hound (D:5)
  4 orc wizards
  4 worker ants
  A hound zombie (D:5)
  A hound skeleton (D:5)
  Robin (D:4)
  2 gnolls (D:4)
  A shadow imp (D:5)
  11 adders
  A worm (D:3)
  2 giant mites
  An adder zombie (D:5)
  4 giant geckos
  2 oozes
  27 orcs
  13 bats
  A bat skeleton (D:4)
  3 giant cockroaches
  18 goblins
  10 hobgoblins
  4 quokkas
  3 ball pythons (D:3)
  A giant gecko skeleton (D:5)
  9 giant newts
  3 jackals (D:4)
  9 kobolds
  A kobold zombie (D:5)
  9 rats
163 creatures vanquished.

Vanquished Creatures (collateral kills)
  An orc (D:3)
  A bat zombie (D:6)
  A kobold (D:6)
3 creatures vanquished.

Vanquished Creatures (others)
  A giant frog zombie (D:5)
  A quasit (D:4)
  An iron imp (D:6)
  A shadow imp (D:4)
  A giant mite (D:3)
  An ufetubus (D:4)
6 creatures vanquished.

Grand Total: 172 creatures vanquished

Notes
Turn   | Place    | Note
--------------------------------------------------------------
     0 | D:1      | HAWKINGL3623, the Naga Chaos Knight, began the quest for the Orb.
     0 | D:1      | Reached XP level 1. HP: 21/21 MP: 1/1
    45 | D:1      | XOM: divination: detect creatures
   131 | D:1      | Reached XP level 2. HP: 28/28 MP: 2/2
   247 | D:1      | XOM: mild Fire miscast
   248 | D:1      | Noticed a fire vortex
   373 | D:1      | Reached XP level 3. HP: 34/34 MP: 3/3
   661 | D:1      | XOM: divination: detect creatures
   954 | D:2      | Found a glowing golden altar of the Shining One.
   964 | D:2      | Found a glowing silver altar of Zin.
   964 | D:2      | Found a white marble altar of Elyvilon.
  1186 | D:2      | XOM: mild Hex miscast
  1439 | D:2      | Found a blossoming altar of Fedhas.
  1492 | D:2      | Reached XP level 4. HP: 44/44 MP: 4/4
  1653 | D:3      | Reached skill level 1 in Dodging
  1723 | D:3      | XOM: confusion (+ monsters)
  1731 | D:3      | XOM: polymorph orc -> goblin
  1738 | D:3      | Reached skill level 1 in Stealth
  1828 | D:3      | Reached XP level 5. HP: 44/50 MP: 5/5
  1839 | D:3      | XOM: colour smoke trail
  1845 | D:3      | XOM: noise
  2075 | D:3      | Noticed HAWKINGL3623's ghost (average SpAr)
  2082 | D:3      | XOM: chaos cloud
  2108 | D:3      | Killed HAWKINGL3623's ghost
  2108 | D:3      | Reached skill level 4 in Axes
  2342 | D:4      | Noticed Robin
  2348 | D:4      | Reached XP level 6. HP: 55/57 MP: 6/6
  2358 | D:4      | Killed Robin
  2508 | D:4      | Noticed Dowan
  2536 | D:4      | Killed Dowan
  2867 | D:4      | Noticed Duvessa
  2872 | D:4      | XOM: summons 4 friendly demons
  2873 | D:4      | XOM: smoke on damage
  2886 | D:4      | XOM: colour smoke trail
  2889 | D:4      | Killed Duvessa
  3201 | D:4      | Reached XP level 7. HP: 33/64 MP: 7/7
  3416 | D:4      | XOM: god gift: 58 gold pieces
  3444 | D:5      | Entered Level 5 of the Dungeon
  3479 | D:5      | XOM: enchant monster (good)
  3532 | D:5      | Found a sacrificial altar of Ru.
  3535 | D:5      | XOM: swap monsters
  3622 | D:5      | XOM: enchant monster (good)
  3764 | D:5      | Found a burning altar of Makhleb.
  3771 | D:5      | XOM: enchant monster (good)
  3798 | D:5      | Reached XP level 8. HP: 34/73 MP: 8/8
  3993 | D:5      | Found Cahize's Quality Used Wands.
  4048 | D:5      | XOM: fog
  4075 | D:5      | XOM: enchant monster (good)
  4083 | D:5      | XOM: cast spell 'Stoneskin'
  4086 | D:5      | XOM: confuse monster(s)
  4092 | D:5      | XOM: cast spell 'Stoneskin'
  4182 | D:5      | XOM: divination: detect creatures
  4330 | D:5      | XOM: potion effect (haste)
  4333 | D:5      | XOM: potion effect (invisibility)
  4335 | D:5      | XOM: divination: magic mapping
  4629 | D:5      | Reached skill level 5 in Fighting
  4641 | D:5      | Found an opulent altar of Gozag.
  4645 | D:5      | XOM: god gift: bound bronze amulet {god gift}
  4646 | D:5      | Got a bound bronze amulet {god gift}
  4652 | D:5      | XOM: enchant monster (good)
  4653 | D:5      | Reached skill level 5 in Axes
  4683 | D:5      | Identified the amulet of Scheuq {rMut rF+ rC- Int+4 SInv Stlth+} (Xom gifted it to you on level 5 of the Dungeon)
  4748 | D:5      | XOM: god gift: runed helmet {god gift}
  5019 | D:6      | XOM: god gift: hunting sling {god gift}
  5178 | D:6      | XOM: summons friendly iron imp
  5199 | D:6      | XOM: blink monster(s)
  5210 | D:6      | Reached skill level 5 in Stealth
  5417 | D:6      | XOM: potion effect (berserk rage)
  5421 | D:6      | XOM: confusion (+ monsters)
  5470 | D:6      | Noticed HAWKINGL3623's ghost (experienced TrBe)
  5482 | D:6      | XOM: silly message
  5508 | D:6      | Slain by HAWKINGL3623's ghost

Action                   |  1- 3 |  4- 6 |  7- 9 || total
-------------------------+-------+-------+-------++-------
Melee: Hand axe          |    82 |   213 |   294 ||   589
Throw: Throwing net      |       |     1 |       ||     1
 Abil: Spit Poison       |     8 |     2 |     3 ||    13
Evoke: Wand              |       |       |     4 ||     4
  Use: Scroll            |     5 |     6 |     6 ||    17
       Potion            |     2 |     5 |     3 ||    10
 Stab: Paralysed         |       |     5 |    13 ||    18
       Sleeping          |       |       |     1 ||     1
       Confused          |       |       |     1 ||     1
  Eat: Chunk             |     2 |     5 |     7 ||    14
       Fruit             |     1 |     1 |     2 ||     4
       Bread ration      |       |       |     1 ||     1
